 Dungeon Sprint DCSS version 0.20.1-1-g8b1a95d (webtiles) character file.

7678 potatolord6000 the Severer (level 11, 0/114 HPs)
             Began as a Hill Orc Fighter on Sept 7, 2017.
             Was a High Priest of Beogh.
             Slain by a black mamba (1 damage)
             ... in the Dungeon (Sprint VII: "The Pits").
             The game lasted 00:08:56 (3161 turns).

potatolord6000 the Severer (Hill Orc Fighter)       Turns: 3161, Time: 00:08:57

Health: 0/114      AC: 22    Str: 23    XL:     11   Next: 19%
Magic:  2/23       EV:  7    Int:  8    God:    Beogh [*****.]
Gold:   0          SH:  0    Dex: 13    Spells: 10/10 levels left

rFire    . . .     SeeInvis .   t - +2 war axe (chop)
rCold    . . .     Gourm    .   (no shield)
rNeg     . . .     Faith    .   a - +3 plate armour
rPois    .         Spirit   .   (no helmet)
rElec    .         Reflect  .   (no cloak)
rCorr    .         Harm     .   (no gloves)
MR       .....     NoTele   +   (no boots)
Stlth    ..........             (no amulet)
Regen    0.3/turn               b - +3 ring of dexterity
MPRegen  0.2/turn               q - +3 ring of protection

@: lethally poisoned (0 -> -46), slowed, very slow
A: walk on water
a: Smiting, Recall Orcish Followers, Give Item to Named Follower, Renounce
Religion


You were in the Dungeon.
You worshipped Beogh.
Beogh was extremely pleased with you.
You were not hungry.

You visited 1 branch

Inventory:

Hand Weapons
 t - a +2 war axe of chopping (weapon)
Armour
 a - a +3 plate armour (worn)
Jewellery
 b - a +3 ring of dexterity (left hand)
 q - a +3 ring of protection (right hand)
Scrolls
 e - 3 scrolls of remove curse
 g - 5 scrolls of amnesia
 k - a scroll of blinking
 l - a scroll of summoning
Potions
 c - 2 potions of invisibility
 d - 3 potions of might
 i - 4 potions of magic
 j - 3 potions of berserk rage
 o - 7 potions of curing
 p - a potion of ambrosia {unknown}
 r - a potion of brilliance
 s - 2 potions of haste
Comestibles
 f - 8 bread rations
 m - 40 fruits
 n - 5 meat rations


   Skills:
 + Level 15.6 Fighting
 + Level 16.7 Axes
 + Level 14.5 Armour
   Level 3.2 Shields
 + Level 16.3 Invocations


You had 10 spell levels left.
You didn't know any spells.

Dungeon Overview and Level Annotations

Branches:
Dungeon (1/1)

Altars:
Ashenzari
Cheibriados
Dithmenos
Elyvilon
Fedhas
Gozag
Hepliaklqana
Kikubaaqudgha
Makhleb
Nemelex Xobeh
Okawaru
Qazlal
Ru
Sif Muna
Trog
Uskayaw
Vehumet
Xom
Yredelemnul
Zin
The Shining One
Beogh
Jiyva
Lugonu

Annotations:
D Jessica


Message History

The centaur shoots an arrow.
Reactivating autopickup.
You feel a bit more experienced.
Your orc wizard hits the steam dragon with a dagger.
The kobold demonologist closely misses your orc knight.
Your orc knight misses the kobold demonologist.
The red devil hits you but does no damage.
The spiny frog stings you!
* * * LOW HITPOINT WARNING * * *
You are more poisoned.
The spiny frog poisons you! The steam dragon bites your orc wizard.
The steam dragon closely misses your orc wizard.
Jessica mumbles some strange words.
Jessica blinks!
Your orc wizard hits the steam dragon but does no damage.
The kobold demonologist misses your orc knight.
The red devil hits you from afar with a trident!
* * * LOW HITPOINT WARNING * * *
The black mamba bites you.
You die...

#......#...+....###...#
#....###)..###...#...# .
#...##.'...+@##.....#### ..
#..##.)##'##..##..)##..##..#
#..#..##...##..+...#........
#..#..#.....# .#.†.#)...#..#
#..'..+.....+. K†Do').......
#..#..#.....#.§#o(4#....#..#
#..#..##...##.cS@).#y@@.F...
#..##..##'##..##.F÷##..##..#
#..÷##.'...+ ##).())#### ..
#....###...###...#...# .
#......#...'.)..###...#
################# #####


You could see a kobold demonologist, a black mamba, a spiny frog, a red devil, a
steam dragon, a centaur, Jessica, a friendly orc knight and a friendly orc
wizard.

Vanquished Creatures
  Erica (D)
  Sonja (D)
  An unseen horror (D)
  An orc sorcerer (D)
  A deep elf mage (D)
  A black mamba (D)
  2 komodo dragons (D)
  A rime drake (D)
  An efreet (D)
  A demonic crawler (D)
  A wandering mushroom (D)
  Grinder (D)
  2 snapping turtles (D)
  A bog body (D)
  A fire bat (D)
  A steam dragon (D)
  5 vampire mosquitoes (D)
  A warg (D)
  An acid dragon (D)
  A soldier ant (D)
  An orc warrior (D)
  A sky beast (D)
  An ogre (D)
  A crocodile (D)
  A scorpion (D)
  A crimson imp (D)
  2 quasits (D)
  A jelly (D)
  An orc wizard (D)
  A worker ant (D)
  A mummy (D)
  A gnoll (D)
  An adder (D)
  An ooze (D)
  A bat zombie (D)
  A giant cockroach (D)
  2 goblins (D)
  A hobgoblin (D)
  3 jackals (D)
  2 kobolds (D)
  A ball python skeleton (D)
52 creatures vanquished.

Vanquished Creatures (collateral kills)
  A manticore (D)
  2 vampire mosquitoes (D)
  A porcupine (D)
4 creatures vanquished.

Vanquished Creatures (others)
  A shadow wraith (D)
  An orc warrior (D)
  An orc knight (D)
  A tyrant leech (D)
  An orc priest (D)
  A river rat (D)
  3 orcs (D)
9 creatures vanquished.

Grand Total: 65 creatures vanquished

Notes
Turn   | Place    | Note
-------+----------+-------------------------------------------
     0 | D        | potatolord6000 the Hill Orc Fighter began the quest for the Orb.
     0 | D        | Reached XP level 1. HP: 19/19 MP: 1/1
    34 | D        | Reached XP level 2. HP: 6/28 MP: 2/2
    69 | D        | Found a bloodstained altar of Trog.
    69 | D        | Found a deep blue altar of Sif Muna.
    69 | D        | Found a viscous altar of Jiyva.
    69 | D        | Found a hazy altar of Hepliaklqana.
    69 | D        | Found an opulent altar of Gozag.
    70 | D        | Found a glowing golden altar of the Shining One.
    70 | D        | Found a glowing silver altar of Zin.
    70 | D        | Found a basalt altar of Yredelemnul.
    70 | D        | Found a shimmering altar of Xom.
    70 | D        | Found a sacrificial altar of Ru.
    70 | D        | Found a stormy altar of Qazlal.
    70 | D        | Found an iron altar of Okawaru.
    70 | D        | Found a sparkling altar of Nemelex Xobeh.
    70 | D        | Found a burning altar of Makhleb.
    70 | D        | Found a blossoming altar of Fedhas.
    70 | D        | Found a white marble altar of Elyvilon.
    70 | D        | Found a shadowy altar of Dithmenos.
    70 | D        | Found a snail-covered altar of Cheibriados.
    73 | D        | Found a corrupted altar of Lugonu.
    73 | D        | Found a radiant altar of Vehumet.
    73 | D        | Found a roughly hewn altar of Beogh.
    75 | D        | Found a shattered altar of Ashenzari.
    75 | D        | Found an ancient bone altar of Kikubaaqudgha.
    75 | D        | Found a hide-covered altar of Uskayaw.
    82 | D        | Became a worshipper of Beogh the Brigand
   107 | D        | Reached skill level 5 in Fighting
   107 | D        | Reached skill level 1 in Invocations
   280 | D        | Reached * piety under Beogh
   282 | D        | Reached XP level 3. HP: 36/36 MP: 4/4
   285 | D        | Reached ** piety under Beogh
   294 | D        | Reached skill level 5 in Axes
   294 | D        | Reached skill level 5 in Armour
   359 | D        | Reached XP level 4. HP: 9/45 MP: 5/7
   639 | D        | Reached *** piety under Beogh
   645 | D        | Reached skill level 5 in Invocations
   645 | D        | Reached XP level 5. HP: 50/51 MP: 7/9
   647 | D        | Noticed a fire bat
   654 | D        | Killed a fire bat
   654 | D        | Reached XP level 6. HP: 50/62 MP: 8/11
   657 | D        | Noticed a sky beast
   658 | D        | Killed a sky beast
   658 | D        | Reached **** piety under Beogh
   769 | D        | Noticed a soldier ant
   772 | D        | Killed a soldier ant
   772 | D        | Reached skill level 10 in Axes
   772 | D        | Reached XP level 7. HP: 71/71 MP: 9/13
   775 | D        | Noticed Grinder
   793 | D        | Reached skill level 10 in Fighting
   801 | D        | Killed Grinder
   801 | D        | Reached ***** piety under Beogh
   801 | D        | Reached skill level 10 in Invocations
  1000 | D        | Noticed a steam dragon
  1000 | D        | Noticed a snapping turtle
  1005 | D        | Killed a snapping turtle
  1005 | D        | Reached skill level 10 in Armour
  1005 | D        | Reached XP level 8. HP: 52/81 MP: 8/16
  1380 | D        | Noticed a snapping turtle
  1384 | D        | Killed a snapping turtle
  1587 | D        | Noticed a bog body
  1595 | D        | Killed a bog body
  1629 | D        | Killed an unseen horror
  1629 | D        | Reached XP level 9. HP: 30/91 MP: 16/18
  1884 | D        | Noticed a rime drake
  1884 | D        | Noticed a komodo dragon
  1892 | D        | Killed a komodo dragon
  1895 | D        | Killed a rime drake
  2077 | D        | Noticed a komodo dragon
  2091 | D        | Killed a komodo dragon
  2396 | D        | Noticed a black mamba
  2409 | D        | Killed a black mamba
  2409 | D        | Reached XP level 10. HP: 59/101 MP: 20/20
  2810 | D        | Noticed an orange demon
  2811 | D        | Noticed an orc sorcerer
  2812 | D        | Killed an orc sorcerer
  2816 | D        | Reached skill level 15 in Axes
  2821 | D        | Noticed an orc knight
  2830 | D        | Reached ****** piety under Beogh
  3095 | D        | Noticed a manticore
  3098 | D        | Noticed Sonja
  3100 | D        | Noticed a deep elf mage
  3102 | D        | Killed Sonja
  3102 | D        | Reached skill level 15 in Invocations
  3104 | D        | Killed a manticore
  3108 | D        | Killed a deep elf mage
  3128 | D        | Noticed Jessica
  3130 | D        | Reached skill level 15 in Fighting
  3131 | D        | Noticed Erica
  3134 | D        | Noticed a spiny frog
  3141 | D        | Killed Erica
  3141 | D        | Reached XP level 11. HP: 50/112 MP: 4/23
  3161 | D        | Killed a shadow wraith
  3161 | D        | HP: 1/114 [red devil/trident (10)]
  3161 | D        | Slain by a black mamba

Skill      XL: |  1  2  3  4  5  6  7  8  9 10 |
---------------+-------------------------------+-----
Fighting       | 4 5 6 8 9 10 12 13 15 | 15.6
Axes           | 4 6 8 10 11 13 14 16 | 16.7
Armour         | 4 5 6 7 8 10 11 12 14 | 14.5
Invocations    | 2 4 5 7 9 10 12 13 16 | 16.3
Shields        | |  3.2

Action                   |  1- 3 |  4- 6 |  7- 9 | 10-12 || total
-------------------------+-------+-------+-------+-------++-------
Melee: War axe           |    59 |    22 |    86 |    42 ||   209
Invok: Smiting           |     1 |     3 |    10 |    16 ||    30
       Resurrection      |       |       |       |     1 ||     1
  Use: Potion            |     3 |       |       |     8 ||    11
  Eat: Meat ration       |       |       |     2 |       ||     2
Armor: Scale mail        |    30 |       |       |       ||    30
       Plate armour      |       |    41 |   114 |    71 ||   226
Dodge: Dodged            |    22 |    16 |    36 |    30 ||   104
